 Dungeon Crawl Stone Soup version 0.29.1-1-gd02db6906a (webtiles) character file.

Game seed: 5739497935659744315

790 Ijustatesigmund the Trooper (level 7, 0/48 HPs)
             Began as a Gargoyle Fighter on Sept 15, 2022.
             Slain by an iguana (5 damage)
             ... on level 5 of the Dungeon.
             The game lasted 00:05:10 (4711 turns).

Ijustatesigmund the Trooper (Gargoyle Fighter)      Turns: 4711, Time: 00:05:11

Health: 0/48       AC: 14    Str: 19    XL:     7   Next: 87%
Magic:  7/7        EV:  7    Int: 11    God:
Gold:   234        SH:  4    Dex:  9    Spells: 6/6 levels left

rFire   . . .      SeeInvis .   a - +0 flail
rCold   . . .      Faith    .   c - +0 buckler
rNeg    + . .      Spirit   .   b - +0 chain mail
rPois   ∞          Reflect  .   (no helmet)
rElec   +          Harm     .   (no cloak)
rCorr   .          Rampage  .   (no gloves)
Will    .....                   (no boots)
Stlth   ..........              l - amulet of the acrobat
HPRegen 0.16/turn               (no ring)
MPRegen 0.10/turn               (no ring)

@: flying
A: sickness immunity, AC +4, negative energy resistance 1, electricity
resistance, torment resistance 1, petrification resistance
a: no special abilities


You were on level 5 of the Dungeon.
You visited 1 branch of the dungeon, and saw 5 of its levels.

You collected 234 gold pieces.

Inventory:

Hand Weapons
 a - a +0 flail (weapon)
Armour
 b - a +0 chain mail (worn)
 c - a +0 buckler (worn)
Jewellery
 h - a +6 ring of intelligence
 l - an amulet of the acrobat (around neck)
Scrolls
 d - a scroll of amnesia
 o - a scroll of enchant weapon {unknown}
Potions
 f - a potion of flight
 g - a potion of heal wounds {unknown}
 i - a potion of magic
 j - a potion of curing
 k - a potion of attraction


   Skills:
 + Level 7.2 Fighting
 + Level 6.1 Maces & Flails
 + Level 4.0 Armour
 - Level 3.2 Shields


You had 6 spell levels left.
You didn't know any spells.
Your spell library was empty.

Dungeon Overview and Level Annotations

Branches:
Dungeon (5/15)
 Temple: D:4-7

Altars:
Trog


Innate Abilities, Weirdness & Mutations

You are immune to sickness and miasma.
Your stone body is resilient. (AC +4)
You are immune to poison.
You resist negative energy. (rN+)
You are resistant to electric shocks. (rElec)
You are resistant to unholy torment.
You are immune to petrification.


Message History

You block the water moccasin's attack.
You hit the water moccasin.
The water moccasin is almost dead.
The iguana bites you but does no damage.
The water moccasin bites you but does no damage.
You miss the water moccasin.
The water moccasin is almost dead.
You block the water moccasin's attack. The iguana completely misses you.
The water moccasin bites you. The iguana bites you.
* * * LOW HITPOINT WARNING * * *
You closely miss the water moccasin.
The water moccasin is almost dead.
The water moccasin closely misses you.
The iguana bites you but does no damage.
The water moccasin barely misses you.
You miss the water moccasin.
The water moccasin is almost dead.
The water moccasin bites you but does no damage.
You block the iguana's attack.
You closely miss the water moccasin.
The water moccasin is almost dead.
The water moccasin barely misses you. The iguana bites you.
* * * LOW HITPOINT WARNING * * *
The water moccasin bites you but does no damage.
Unknown command.
You hit the water moccasin.
You kill the water moccasin!
The iguana bites you but does no damage.
Your Maces & Flails skill increases to level 6!
Your Armour skill increases to level 4!
You closely miss the iguana.
The iguana bites you but does no damage.
You hit the iguana.
The iguana is moderately wounded.
The iguana bites you.
* * * LOW HITPOINT WARNING * * *
You sock the iguana!
The iguana is severely wounded.
The iguana bites you.
You die...

......##.........## .##
.....##....†......## ..#
...................##..#
............................##
................#............#
................##...........##
................##.##.........#.
................#........>......#
..... #........l@................
....###..........................
...l5...........#................
...o{#..###....####.##........#..
....##.[###.#...###...........# .
.........#..##..#...##.........#
.......#...####......##...#....#
.....###..........#.....###....
...... #..........#....... ..


You could see an iguana.

Vanquished Creatures
  A water moccasin (D:5)
  An ice beast (D:4)
  A black bear (D:4)
  A gnoll sergeant (D:4)
  2 scorpions
  3 hounds
  Terence (D:2)
  Natasha (twice) (D:2)
  An orc wizard (D:3)
  5 adders
  An ufetubus (D:5)
  A worm (D:3)
  2 dart slugs (D:4)
  6 orcs
  6 endoplasms
  4 giant cockroaches
  9 goblins
  9 hobgoblins
  6 jackals
  4 kobolds
  6 quokkas
  6 ball pythons
  6 bats
  7 rats
91 creatures vanquished.

Vanquished Creatures (others)
  3 plants (D:3)
3 creatures vanquished.

Grand Total: 94 creatures vanquished

Notes
Turn   | Place    | Note
-------+----------+-------------------------------------------
     0 | D:1      | Ijustatesigmund the Gargoyle Fighter began the quest for
                  | the Orb.
     0 | D:1      | Reached XP level 1. HP: 14/14 MP: 1/1
   182 | D:1      | Reached XP level 2. HP: 19/19 MP: 2/2
   418 | D:1      | Reached XP level 3. HP: 22/24 MP: 3/3
   461 | D:1      | Reached skill level 4 in Fighting
   742 | D:2      | Noticed Terence
   747 | D:2      | Killed Terence
   748 | D:2      | Reached XP level 4. HP: 30/30 MP: 4/4
  1204 | D:2      | Noticed Natasha
  1221 | D:2      | Killed Natasha
  1458 | D:2      | Found a faded altar of an unknown god.
  1520 | D:2      | Noticed Natasha
  1527 | D:2      | Killed Natasha
  1528 | D:2      | Reached XP level 5. HP: 25/34 MP: 5/5
  1624 | D:3      | Reached skill level 5 in Fighting
  2855 | D:4      | Reached XP level 6. HP: 38/40 MP: 6/6
  3174 | D:4      | Noticed an ice beast
  3176 | D:4      | Noticed a black bear
  3397 | D:4      | HP: 2/60 [black bear (5)]
  3398 | D:4      | Killed a black bear
  3399 | D:4      | Reached skill level 6 in Fighting
  3400 | D:4      | Reached skill level 5 in Maces & Flails
  3809 | D:4      | Killed an ice beast
  3810 | D:4      | Reached XP level 7. HP: 47/47 MP: 7/7
  3895 | D:4      | Found a bloodstained altar of Trog.
  4240 | D:5      | Entered Level 5 of the Dungeon
  4686 | D:5      | Reached skill level 7 in Fighting
  4711 | D:5      | Slain by an iguana

Illustrated notes

Levels and vault maps discovered:
D:1:      lemuel_arrival_cross, layout_rooms
D:2:      layout_loops_ring, chequers_ecumenical_altar_simple_redux,
          uniq_terence, uniq_natasha
D:3:      layout_loops_corners, serial_bayou_crossing
D:4:      minmay_spotlight, layout_rooms, trog_butcher_becter,
          minmay_diced_spiral
D:5:      layout_cave_pools, chei_slow_surprise, grunt_ministairs_14,
          hangedman_abyss_or_decor_stabs

Skill      XL: |  1  2  3  4  5  6  7 |
---------------+----------------------+-----
Fighting       | 4 5 6 7 |  7.2
Maces & Flails | 3 4 5 6 |  6.1
Armour         | 4 |  4.0
Shields        | |  3.2

Action                   |  1- 3 |  4- 6 |  7- 9 || total
-------------------------+-------+-------+-------++-------
Melee: Flail             |    97 |   199 |   109 ||   405
Evoke: Wand              |       |     5 |       ||     5
  Use: Scroll            |       |     8 |     1 ||     9
       Potion            |       |     2 |     2 ||     4
Armor: Scale mail        |    69 |    13 |       ||    82
       Chain mail        |       |   117 |   124 ||   241
       Skin              |       |    13 |       ||    13
Dodge: Dodged            |    43 |    87 |    66 ||   196
Block: Buckler           |    25 |    45 |    36 ||   106
